 Dungeon Crawl Stone Soup version 0.31.0-9-g3a7656b989 (webtiles) character file.

Game seed: 10026943785538765082

24860 qw the Marksspriggan (level 12, -7/61 HPs)
             Began as a Spriggan Hunter on Feb 2, 2024.
             Was a High Priest of Okawaru.
             Mangled by a minotaur
             ... wielding a +4 war axe of electrocution
              (16 damage)
             ... in a Gauntlet.
             The game lasted 00:01:04 (10194 turns).

qw the Marksspriggan (Spriggan Hunter)             Turns: 10194, Time: 00:01:05

Health: -7/61      AC: 14    Str:  7    XL:     12   Next: 84%
Magic:  15/20      EV: 32    Int: 11    God:    Okawaru [*****.]
Gold:   824        SH:  0    Dex: 23    Spells: 11/11 levels left

rFire   . . .        p - +6 arbalest (flame)
rCold   . . .        (shield currently unavailable)
rNeg    . . .        w - +0 acid dragon scales
rPois   .            a - +1 hat {Will+}
rElec   .            m - +2 cloak
rCorr   +            (gloves unavailable)
SInv    +            (boots unavailable)
Will    +++..        j - amulet of the acrobat
Stlth   ++           i - +5 ring of evasion
HPRegen 0.30/turn    f - +4 ring of protection
MPRegen 0.17/turn

%: no teleportation, acrobat
@: finesse-ful, very quick
A: very small, no large weapons, unfitting armour, see invisible, speed 3
a: Renounce Religion, Heroism, Finesse, Duel


You were in a Gauntlet.
You worshipped Okawaru.
Okawaru was extremely pleased with you.
You visited 3 branches of the dungeon, and saw 14 of its levels.
You also visited: Gauntlet.

You collected 824 gold pieces.


Innate Abilities, Weirdness & Mutations

You are very small and have problems with some larger weapons.
You are too small for most types of armour.
You have supernaturally acute eyesight. (SInv)
You cover ground extremely quickly. (Speed+++)


   Skills:
 - Level 6.0 Fighting
 - Level 15.1 Ranged Weapons
 - Level 2.1 Armour
 + Level 13.7 Dodging
 - Level 1.5 Stealth
 - Level 10.1 Invocations


You had 11 spell levels left.
You didn't know any spells.
Your spell library was empty.

Inventory:

Hand Weapons
 p - a +6 arbalest of flaming (weapon)
Armour
 a - a +1 hat of willpower (worn)
 m - a +2 cloak (worn)
 q - a +2 hat
 w - +0 acid dragon scales (worn)
Jewellery
 f - a +4 ring of protection (right hand)
 i - a +5 ring of evasion (left hand)
 j - an amulet of the acrobat (around neck)
 t - a ring of protection from fire
 Y - a ring of protection from fire
Wands
 g - a wand of polymorph (2)
 k - a wand of iceblast (3)
 l - a wand of paralysis (18)
Scrolls
 o - 5 scrolls of teleportation
Potions
 b - 4 potions of mutation
 d - a potion of cancellation
 e - 4 potions of curing
 h - a potion of might
 n - 2 potions of enlightenment
 r - 3 potions of haste
 s - 2 potions of heal wounds

Dungeon Overview and Level Annotations

Branches:
Dungeon (11/15)            Temple (1/1) D:4            Lair (2/5) D:11
 Shoals (0/4) Lair:2          Orc (0/2) D:11        Gauntlet (1/1)
  Snake: Lair:2-3    Spider: Lair:2-3

Altars:
Ashenzari
Cheibriados
Dithmenos
Elyvilon
Fedhas
Gozag
Hepliaklqana
Kikubaaqudgha
Makhleb
Nemelex Xobeh
Okawaru
Qazlal
Ru
Sif Muna
Trog
Uskayaw
Vehumet
Wu Jian
Xom
Yredelemnul
Zin
The Shining One

Portals:
Trove: D:10 (give 2 scrolls of acquirement)
Bailey: D:7

Annotations:
D:4 1 runed translucent door, qw's ghost, amateur DEHu Gauntlet 6 transporters


Message History

You kill the sixfirhy!
Okawaru accepts your kill.
You start resting.
The great orb of eyes pulsates ominously.
HP restored.
c - a ring of wizardry Partly explored, unvisited transporter.
10174 ||| DROPPING ring of wizardry.
You drop a ring of wizardry.
Partly explored, unvisited transporter.
You see here a +1 rapier of venom.
There is a transporter here.
Partly explored, unvisited transporter.
You enter the transporter and appear at another place.
You open the door.
A minotaur comes into view.
It is wielding a +4 war axe of electrocution.
The minotaur bellows!
Found a phantom mirror.
Found a gate leading back out of this place.
10187 ||| INVOKING Finesse.
You can now deal lightning-fast blows.
You shoot a bolt.
The bolt hits the minotaur but does no damage.
The minotaur throws a javelin.
The javelin pierces through you!!
You shoot a bolt. The bolt barely misses the minotaur.
The minotaur throws a javelin.
The javelin misses you.
You shoot a bolt. The bolt hits the minotaur.
The bolt burns the minotaur.
The minotaur is lightly wounded.
You shoot a bolt. The bolt hits the minotaur!!
The bolt burns the minotaur.
The minotaur is moderately wounded.
You shoot a bolt. The bolt hits the minotaur.
The bolt burns the minotaur.
The minotaur is moderately wounded.
You shoot a bolt.
The bolt completely misses the minotaur.
You shoot a bolt.
The bolt hits the minotaur but does no damage.
The minotaur is moderately wounded.
The minotaur hits you with a +4 war axe of electrocution!!
Ouch! That really hurt!
You are electrocuted!
You die...

##
#################
##
................
.}.}.}.^.^.}.}.}
................
####.###.###.###
###.###.###.###
#.............#
#.###.###.###.#
.......@.....#
######H####### #.
\. ... '}.. ##..}
###+


You could see a minotaur.

Vanquished Creatures
  A vault guard (D:10)
  4 sixfirhies (Gauntlet)
  3 harpies (Lair:2)
  A necromancer (Gauntlet)
  4 cyclopes (D:11)
  4 centaur zombies (D:10)
  A black mamba (Lair:1)
  3 elephants (Lair:1)
  7 cane toads
  2 unseen horror zombies (D:10)
  A gargoyle (D:11)
  A rime drake (Lair:2)
  2 komodo dragons
  A polar bear (Lair:1)
  A troll (D:10)
  11 blink frogs
  Grinder (D:3)
  A hornet (D:11)
  2 shadows (D:11)
  A vampire (D:11)
  A wyvern (D:9)
  Sigmund (D:2)
  A wraith (D:11)
  A basilisk (Lair:1)
  17 yaks
  2 acid dragons (D:10)
  7 water moccasins
  6 orc warriors
  A sky beast (D:7)
  5 ice beasts
  6 centaurs
  13 wolves
  A phantom (D:6)
  3 kobold brigands
  5 bullfrogs
  A gnoll sergeant (D:8)
  3 necrophages (D:10)
  2 scorpions
  7 wights
  5 killer bees (D:10)
  6 howler monkeys
  3 bombardier beetles
  A human zombie (D:10)
  A hound (D:4)
  6 orc priests
  A gnoll bouda (D:10)
  2 jellies
  Ijyb (D:3)
  3 iguanas
  A sleepcap (D:8)
  11 orc wizards
  A mummy (D:10)
  Robin (D:2)
  14 gnolls
  5 adders
  A shadow imp (D:8)
  3 white imps
  4 ufetubi (Gauntlet)
  3 dart slugs
  2 ribbon worms
  43 orcs
  8 ball pythons
  4 endoplasms
  7 giant cockroaches
  16 goblins
  13 hobgoblins
  9 jackals
  23 kobolds
  A quokka (D:3)
  11 bats
  7 frilled lizards
  6 rats
358 creatures vanquished.

Notes
Turn   | Place    | Note
-------+----------+-------------------------------------------
     0 | D:1      | qw the Spriggan Hunter began the quest for the Orb.
     0 | D:1      | Reached XP level 1. HP: 10/10 MP: 2/2
     0 | D:1      | 0 ||| qw: Version: 0.3-a-155-g5e7d8dd
     0 | D:1      | 0 ||| qw: Game counter: 602
     0 | D:1      | 0 ||| qw: Melee chars always use a shield: true
     0 | D:1      | 0 ||| qw: God list: Okawaru
     0 | D:1      | 0 ||| qw: Allow faded altars: false
     0 | D:1      | 0 ||| qw: Do Orc after clearing Dungeon:15 true
     0 | D:1      | 0 ||| qw: Do second Lair branch before Depths: true
     0 | D:1      | 0 ||| qw: Lair rune preference: random
     0 | D:1      | 0 ||| qw: Goals: Normal
     0 | D:1      | 0 ||| PLANNING D:1-11
    99 | D:1      | Reached skill level 3 in Dodging
   207 | D:1      | Reached XP level 2. HP: 14/14 MP: 3/3
   760 | D:1      | Reached XP level 3. HP: 18/18 MP: 4/4
   932 | D:1      | 932 ||| READING scroll labelled RURCHA TASEL.
   935 | D:1      | 935 ||| DROPPING scroll of butterflies.
  1016 | D:2      | Noticed Robin
  1024 | D:2      | Killed Robin
  1027 | D:2      | 1027 ||| FLEEEEING.
  1028 | D:2      | 1028 ||| FLEEEEING.
  1029 | D:2      | 1029 ||| FLEEEEING.
  1030 | D:2      | 1030 ||| FLEEEEING.
  1031 | D:2      | 1031 ||| FLEEEEING.
  1034 | D:2      | 1034 ||| FLEEEEING.
  1035 | D:2      | 1035 ||| FLEEEEING.
  1036 | D:2      | 1036 ||| FLEEEEING.
  1039 | D:2      | 1039 ||| FLEEEEING.
  1040 | D:2      | 1040 ||| FLEEEEING.
  1041 | D:2      | 1041 ||| FLEEEEING.
  1042 | D:2      | 1042 ||| FLEEEEING.
  1043 | D:2      | 1043 ||| FLEEEEING.
  1044 | D:2      | 1044 ||| FLEEEEING.
  1045 | D:2      | 1045 ||| STAIRDANCE
  1064 | D:2      | 1064 ||| STAIRDANCE
  1136 | D:2      | Reached skill level 5 in Ranged Weapons
  1244 | D:2      | Reached XP level 4. HP: 22/22 MP: 5/5
  1411 | D:2      | Noticed Sigmund
  1417 | D:2      | Killed Sigmund
  1418 | D:2      | Reached XP level 5. HP: 18/25 MP: 6/6
  1630 | D:2      | Found a faded altar of an unknown god.
  1735 | D:2      | 1735 ||| READING scroll labelled DEQOSI MEZU.
  1735 | D:2      | 1735 ||| IDENTIFYING sedimented clear potion
  1736 | D:2      | 1736 ||| READING scroll labelled MESIUB BAECOAROW.
  1837 | D:2      | 1837 ||| READING 2 scrolls labelled ZUNIASAXIN.
  1837 | D:2      | 1837 ||| ENCHANTING +0 shortbow.
  1838 | D:2      | 1838 ||| DRINKING 2 fizzy green potions.
  1850 | D:3      | Noticed Grinder
  1851 | D:3      | 1851 ||| ZAPPING wand of flame (2) at -5,-2 (Grinder;
                  | floor).
  1852 | D:3      | 1852 ||| ZAPPING wand of flame (1) at -4,-1 (Grinder;
                  | floor).
  1865 | D:3      | Killed Grinder
  1866 | D:3      | Reached skill level 3 in Fighting
  1866 | D:3      | Reached XP level 6. HP: 32/32 MP: 7/7
  1952 | D:3      | Noticed Ijyb
  1969 | D:3      | Killed Ijyb
  2130 | D:3      | Found an opulent altar of Gozag.
  2221 | D:3      | You fall into a shaft and drop 1 floor!
  2233 | D:4      | Found a runed translucent door.
  2233 | D:4      | Noticed qw's ghost (amateur DEHu)
  2311 | D:4      | 2311 ||| UPGRADING to +0 cloak.
  2316 | D:4      | 2316 ||| READING scroll of enchant armour.
  2316 | D:4      | 2316 ||| ENCHANTING +0 cloak.
  2317 | D:4      | 2317 ||| UPGRADING to +5 ring of evasion.
  2318 | D:4      | 2318 ||| READING 3 scrolls labelled SYTUTE RAET.
  2319 | D:4      | 2319 ||| READING scroll labelled CIUTANL COSU.
  2320 | D:4      | 2320 ||| DRINKING 2 metallic green potions.
  2321 | D:4      | 2321 ||| DROPPING 2 scrolls of fear.
  2341 | D:3      | Found a sacrificial altar of Ru.
  2423 | D:3      | 2423 ||| UPGRADING to ring of positive energy.
  2449 | D:4      | Reached XP level 7. HP: 36/36 MP: 8/8
  2461 | D:4      | 2461 ||| FLEEEEING.
  2627 | D:4      | HP: 8/36 [kobold/+0 short sword (3)]
  2988 | D:4      | Reached skill level 6 in Ranged Weapons
  3136 | D:4      | Found a shimmering blue altar of Sif Muna.
  3187 | D:4      | Found a staircase to the Ecumenical Temple.
  3189 | D:4      | 3189 ||| PLANNING TEMPLE
  3189 | D:4      | 3189 ||| UPGRADING to amulet of the acrobat.
  3194 | D:4      | 3194 ||| READING scroll labelled YBBETUF HACURPH.
  3195 | D:4      | 3195 ||| READING scroll labelled VENI WUOZUARESKE.
  3195 | D:4      | Identified a scroll of acquirement
  3195 | D:4      | 3195 ||| ACQUIRING +3 arbalest of freezing
  3195 | D:4      | Acquired a +3 arbalest of freezing
  3197 | D:4      | 3197 ||| SWAPPING to +3 arbalest of freezing.
  3198 | D:4      | 3198 ||| DROPPING +0 shortbow.
  3207 | Temple   | Entered the Ecumenical Temple
  3208 | Temple   | 3208 ||| PLANNING D:1-11
  3248 | D:5      | Entered Level 5 of the Dungeon
  3267 | D:5      | Found a shadowy altar of Dithmenos.
  4278 | D:5      | 4278 ||| READING 2 scrolls of identify.
  4278 | D:5      | 4278 ||| IDENTIFYING metallic clear potion
  4279 | D:5      | 4279 ||| READING scroll of identify.
  4279 | D:5      | 4279 ||| IDENTIFYING fizzy inky potion
  4280 | D:5      | 4280 ||| DROPPING potion of degeneration.
  4373 | D:6      | Reached skill level 7 in Ranged Weapons
  4406 | D:6      | Reached skill level 8 in Ranged Weapons
  4406 | D:6      | Reached XP level 8. HP: 40/40 MP: 9/9
  4784 | D:6      | 4784 ||| READING 2 scrolls of identify.
  4784 | D:6      | 4784 ||| IDENTIFYING cyan potion
  4785 | D:6      | 4785 ||| READING scroll of identify.
  4785 | D:6      | 4785 ||| IDENTIFYING fuming grey potion
  4786 | D:6      | 4786 ||| READING 3 scrolls labelled RUESIATOLISE.
  4787 | D:6      | 4787 ||| READING scroll labelled COUXAM ZETY.
  4787 | D:6      | 4787 ||| BRANDING +3 arbalest of freezing.
  4788 | D:6      | 4788 ||| READING scroll labelled IXEXTO XIQAP.
  4789 | D:6      | 4789 ||| DROPPING 2 scrolls of summoning.
  4790 | D:6      | 4790 ||| DROPPING potion of invisibility.
  4792 | D:6      | 4792 ||| Stepping ~*~*~tactically~*~*~ (cloud).
  4906 | D:7      | Reached skill level 9 in Ranged Weapons
  4908 | D:7      | 4908 ||| STAIRDANCE
  4918 | D:7      | 4918 ||| STAIRDANCE
  4924 | D:7      | 4924 ||| STAIRDANCE
  5008 | D:7      | Reached skill level 9 in Dodging
  5187 | D:7      | Reached skill level 10 in Ranged Weapons
  5187 | D:7      | Reached XP level 9. HP: 44/44 MP: 10/10
  5260 | D:7      | 5260 ||| READING scroll of enchant armour.
  5260 | D:7      | 5260 ||| ENCHANTING +1 cloak.
  5485 | D:7      | Found a flagged portal.
  5510 | D:7      | 5510 ||| UPGRADING to ring of protection from fire.
  5512 | D:7      | 5512 ||| READING 4 scrolls of identify.
  5512 | D:7      | 5512 ||| IDENTIFYING bubbling blue potion
  5513 | D:7      | 5513 ||| READING 3 scrolls of identify.
  5513 | D:7      | 5513 ||| IDENTIFYING clear potion
  5514 | D:7      | 5514 ||| READING 2 scrolls of identify.
  5514 | D:7      | 5514 ||| IDENTIFYING 2 sedimented inky potions
  5515 | D:7      | 5515 ||| READING scroll of identify.
  5515 | D:7      | 5515 ||| IDENTIFYING scroll labelled ENAZABLUTAE
  5516 | D:7      | 5516 ||| READING scroll of enchant weapon.
  5516 | D:7      | 5516 ||| ENCHANTING +3 arbalest of electrocution.
  5517 | D:7      | 5517 ||| DROPPING potion of ambrosia.
  5594 | D:8      | Found a snail-covered altar of Cheibriados.
  6302 | D:8      | 6302 ||| FLEEEEING.
  6407 | D:8      | 6407 ||| RETREEEEATING.
  6506 | D:8      | Found an iron altar of Okawaru.
  6507 | D:8      | 6507 ||| PLANNING OKAWARU WORSHIP
  6507 | D:8      | 6507 ||| UPGRADING to +4 ring of protection.
  6509 | D:8      | 6509 ||| DROPPING ring of positive energy.
  6510 | D:8      | 6510 ||| READING scroll of identify.
  6510 | D:8      | 6510 ||| IDENTIFYING bubbling puce potion
  6511 | D:8      | 6511 ||| READING scroll labelled OLOCIU RENGIE.
  6512 | D:8      | 6512 ||| READING scroll labelled JIHOARISTE.
  6613 | D:8      | 6613 ||| DROPPING potion of magic.
  6617 | D:8      | Became a worshipper of Warmaster Okawaru
  6618 | D:8      | 6618 ||| PLANNING D:1-11
  6920 | D:9      | Reached skill level 11 in Ranged Weapons
  6989 | D:9      | Reached * piety under Okawaru
  7049 | D:9      | 7049 ||| READING scroll of brand weapon.
  7049 | D:9      | 7049 ||| BRANDING +4 arbalest of electrocution.
  7083 | D:9      | Reached XP level 10. HP: 49/49 MP: 11/11
  7111 | D:9      | Reached skill level 1 in Invocations
  7131 | D:9      | 7131 ||| READING scroll of enchant weapon.
  7131 | D:9      | 7131 ||| ENCHANTING +4 arbalest of flaming.
  7152 | D:9      | Found a burning altar of Makhleb.
  7201 | D:9      | Reached skill level 12 in Dodging
  7458 | D:9      | Noticed a blizzard demon
  7462 | D:9      | 7462 ||| UPGRADING to +0 hat of willpower.
  7467 | D:9      | 7467 ||| READING scroll of enchant armour.
  7467 | D:9      | 7467 ||| ENCHANTING +0 hat of willpower.
  7468 | D:9      | 7468 ||| READING scroll of identify.
  7468 | D:9      | 7468 ||| IDENTIFYING orange potion
  7469 | D:9      | 7469 ||| READING scroll labelled ONUMYTT LOPNAKHLE.
  7470 | D:9      | 7470 ||| DROPPING potion of attraction.
  7494 | D:10     | Entered Level 10 of the Dungeon
  7774 | D:10     | Reached skill level 3 in Invocations
  7908 | D:10     | Noticed a vault guard
  7909 | D:10     | 7909 ||| INVOKING Heroism.
  7912 | D:10     | Killed a vault guard
  7912 | D:10     | Reached ** piety under Okawaru
  7935 | D:10     | Found a portal to a secret trove of treasure.
  8047 | D:10     | Reached skill level 12 in Ranged Weapons
  8059 | D:10     | Found a basalt altar of Yredelemnul.
  8075 | D:10     | Reached *** piety under Okawaru
  8109 | D:10     | 8109 ||| UPGRADING to +0 acid dragon scales.
  8119 | D:10     | 8119 ||| DROPPING +0 robe.
  8120 | D:10     | 8120 ||| READING scroll of identify.
  8120 | D:10     | 8120 ||| IDENTIFYING sapphire potion
  8121 | D:10     | 8121 ||| READING scroll labelled QEKEVV KEOJI.
  8122 | D:10     | 8122 ||| DROPPING potion of berserk rage.
  8166 | D:11     | 8166 ||| STAIRDANCE
  8170 | D:10     | Reached XP level 11. HP: 52/55 MP: 15/15
  8184 | D:11     | Reached skill level 1 in Armour
  8234 | D:11     | Reached **** piety under Okawaru
  8358 | D:11     | Found a staircase to the Orcish Mines.
  8410 | D:11     | 8410 ||| READING scroll of enchant weapon.
  8410 | D:11     | 8410 ||| ENCHANTING +5 arbalest of flaming.
  8525 | D:11     | Noticed a sea snake
  8592 | D:11     | Reached skill level 13 in Ranged Weapons
  8752 | D:11     | Found a staircase to the Lair.
  8755 | D:11     | Reached skill level 6 in Invocations
  8799 | D:11     | 8799 ||| PLANNING LAIR
  8799 | D:11     | 8799 ||| DROPPING ring of resist corrosion.
  8800 | D:11     | 8800 ||| READING scroll of identify.
  8800 | D:11     | 8800 ||| IDENTIFYING 3 silvery potions
  8801 | D:11     | 8801 ||| DROPPING 3 potions of lignification.
  8844 | Lair:1   | Entered Level 1 of the Lair of Beasts
  8857 | Lair:1   | 8857 ||| INVOKING Finesse.
  8971 | Lair:1   | 8971 ||| RETREEEEATING.
  8972 | Lair:1   | 8972 ||| RETREEEEATING.
  8976 | Lair:1   | 8976 ||| RETREEEEATING.
  8979 | Lair:1   | 8979 ||| RETREEEEATING.
  8980 | Lair:1   | 8980 ||| RETREEEEATING.
  8984 | Lair:1   | Reached ***** piety under Okawaru
  9023 | Lair:1   | 9023 ||| RETREEEEATING.
  9024 | Lair:1   | 9024 ||| RETREEEEATING.
  9025 | Lair:1   | 9025 ||| RETREEEEATING.
  9026 | Lair:1   | 9026 ||| RETREEEEATING.
  9027 | Lair:1   | 9027 ||| RETREEEEATING.
  9028 | Lair:1   | 9028 ||| RETREEEEATING.
  9035 | Lair:1   | 9035 ||| RETREEEEATING.
  9036 | Lair:1   | 9036 ||| RETREEEEATING.
  9037 | Lair:1   | 9037 ||| RETREEEEATING.
  9119 | Lair:1   | 9119 ||| INVOKING Finesse.
  9150 | Lair:1   | Received a gift from Okawaru
  9151 | Lair:1   | Reached skill level 14 in Ranged Weapons
  9151 | Lair:1   | Reached XP level 12. HP: 55/60 MP: 15/19
  9222 | Lair:1   | 9222 ||| RETREEEEATING.
  9320 | Lair:1   | Reached skill level 6 in Fighting
  9320 | Lair:1   | Reached skill level 9 in Invocations
  9366 | Lair:1   | You fall into a shaft and drop 1 floor!
  9367 | Lair:2   | 9367 ||| PLANNING GAUNTLET
  9367 | Lair:2   | 9367 ||| INVOKING Finesse.
  9513 | Lair:2   | Found a staircase to the Shoals.
  9517 | Lair:2   | Received a gift from Okawaru
  9629 | Lair:2   | Identified the +2 falchion "Worm" {freeze, rElec Int+3}
  9755 | Lair:2   | Identified the +11 whip of Woe {flame, rN+ Str+3}
  9810 | Lair:2   | Found a gate leading to a gauntlet.
  9812 | Lair:2   | 9812 ||| DROPPING ring of ice.
  9821 | Gauntlet | Entered a Gauntlet
  9821 | Gauntlet | Found a transporter.
  9821 | Gauntlet | Found a transporter.
  9829 | Gauntlet | Found a transporter.
  9833 | Gauntlet | Found a transporter.
  9842 | Gauntlet | Found a transporter.
  9845 | Gauntlet | Found a transporter.
  9853 | Gauntlet | Found a transporter.
  9867 | Gauntlet | Noticed a great orb of eyes
  9870 | Gauntlet | Found a transporter.
  9885 | Gauntlet | Found a transporter.
  9889 | Gauntlet | Found a transporter.
  9890 | Gauntlet | Found a runed translucent door.
  9900 | Gauntlet | Found a transporter.
  9901 | Gauntlet | Found a transporter.
 10005 | Gauntlet | 10005 ||| Stepping ~*~*~tactically~*~*~ (cloud).
 10070 | Gauntlet | Received a gift from Okawaru
 10071 | Gauntlet | Reached skill level 15 in Ranged Weapons
 10174 | Gauntlet | 10174 ||| DROPPING ring of wizardry.
 10186 | Gauntlet | Found the +16 obsidian axe {drain, demonic, Mesm ^Drain Fly
                  | SInv}
 10186 | Gauntlet | Noticed a minotaur
 10187 | Gauntlet | 10187 ||| INVOKING Finesse.
 10194 | Gauntlet | HP: 9/61 [minotaur/+4 war axe of electrocution (35)]
 10194 | Gauntlet | Mangled by a minotaur

Levels and vault maps discovered:
D:1:      dpeg_arrival_yet_another_circle, layout_basic,
          kennysheep_another_room, minivault_27, minmay_tromino_mix6
D:2:      cheibrodos_old_hovel, layout_basic,
          hellmonk_ecumenical_altar_inner_sanctum, minmay_mini_jars,
          uniq_sigmund, uniq_robin
D:3:      layout_basic, lemuel_coloured_pillars_altar, nicolae_ru_awakened_eye,
          uniq_grinder, uniq_ijyb
D:4:      layout_loops_ring, lemuel_blue_sif_altar, temple_hall,
          gammafunk_ghost_grave
D:5:      layout_layer_cave, nicolae_dithmenos_through_a_glass_darkly
D:6:      layout_rooms
D:7:      layout_cave_pools, enter_bailey_7, st_stairs_6
D:8:      layout_basic, mainiacjoe_overflow_alcove_4, kennysheep_slug_shrine
D:9:      layout_roguey, makhleb_altar_promises_db,
          minmay_fractal_squares_diagonal_5
D:10:     layout_rooms, lemuel_mausoleum_altar_yredelemnul, enter_trove_5,
          chequers_mini_garden
D:11:     layout_rooms, grunt_lair_entry_orc_guard_hut, orc_0_dummy,
          serial_aquarium, aquarium_bridge_square [aquarium_subvault_window,
          aquarium_subvault_bridge, aquarium_subvault_bridge,
          aquarium_subvault_window], aquarium_bridge_straight
          [aquarium_subvault_bridge, aquarium_subvault_window,
          aquarium_subvault_bridge, aquarium_subvault_window],
          aquarium_window_corridor_1, aquarium_window_fake, aquarium_view_2c,
          aquarium_view_2b, aquarium_balcony_3a, aquarium_pool_2, moated_statue
Temple:   eino_temple_water
Lair:1:   layout_roguey, st_stairs_7, beast_lair_carwin_2, grunt_megastairs_1,
          lemuel_fruit_tree
Lair:2:   layout_cave_shapes, nicolae_shoals_entry_roost, gauntlet_entry_generic
Gauntlet: minmay_gauntlet_77_indecision [minmay_gauntlet_arena_77_squiggly,
          minmay_gauntlet_arena_77_fan, minmay_gauntlet_arena_77_checkered,
          minmay_gauntlet_arena_77_path, minmay_gauntlet_arena_77_hold_the_fort,
          minmay_gauntlet_arena_77_museum, gauntlet_exit_hidden_loot]

Skill      XL: |  1  2  3  4  5  6  7  8  9 10 11 12 |
---------------+-------------------------------------+-----
Dodging        | 3 4 7 9 11 13 | 13.7
Ranged Weapons | 5 8 10 11 12 14 15 | 15.1
Fighting       | 3 4 5 6 |  6.0
Invocations    | 4 8 10 | 10.1
Armour         | 2 |  2.1
Stealth        | |  1.5

Action                     |  1- 3 |  4- 6 |  7- 9 | 10-12 || total
---------------------------+-------+-------+-------+-------++-------
   Fire: Shortbow          |   130 |   159 |    78 |       ||   367
         Arbalest          |       |       |   246 |   419 ||   665
 Invoke: Heroism           |       |       |       |     1 ||     1
         Finesse           |       |       |       |     4 ||     4
  Evoke: Wand              |       |     2 |       |       ||     2
    Use: Scroll            |     1 |     6 |    19 |     8 ||    34
         Potion            |       |     2 |       |       ||     2
 Armour: Robe              |    19 |    20 |    42 |    17 ||    98
         Acid dragon scale |       |       |       |    56 ||    56
  Dodge: Dodged            |    41 |    65 |   215 |   410 ||   731

Table legend:
 A = Non-vault XP
 B = Vault XP
 C = Vault XP percentage of total XP
 D = Non-vault monster count
 E = Vault monster count
 F = Vault count percentage of total count
                 A         B        C        D         E       F
            +---------+---------+-------+---------+---------+-------
      Total |   20300 |   15215 |  42.8 |     270 |      88 |  24.6
            +---------+---------+-------+---------+---------+-------
        D:1 |      36 |       9 |  20.0 |      21 |       5 |  19.2
        D:2 |      43 |     261 |  85.9 |      18 |      22 |  55.0
        D:3 |      35 |     316 |  90.0 |      14 |       2 |  12.5
        D:4 |     202 |       0 |   0.0 |      26 |       0 |   0.0
        D:5 |     183 |       0 |   0.0 |       7 |       0 |   0.0
        D:6 |    1026 |       0 |   0.0 |      22 |       0 |   0.0
        D:7 |     946 |      73 |   7.2 |      19 |       5 |  20.8
        D:8 |    1265 |       4 |   0.3 |      33 |       1 |   2.9
        D:9 |    1075 |     463 |  30.1 |      21 |       6 |  22.2
       D:10 |    1746 |    3500 |  66.7 |      27 |      13 |  32.5
       D:11 |    3904 |     851 |  17.9 |      20 |       5 |  20.0
     Lair:1 |    6780 |    3525 |  34.2 |      27 |      11 |  28.9
     Lair:2 |    3059 |    1827 |  37.4 |      15 |       3 |  16.7
   Gauntlet |       0 |    4386 | 100.0 |       0 |      15 | 100.0
            +---------+---------+-------+---------+---------+-------
